[Event "75th ARM-ch Women 2020"]
[Site "Yerevan"]
[Date "2020.01.16"]
[Round "5.5"]
[White "Khachatryan, Veronika"]
[Black "Hakobyan, Astghik"]
[Result "0-1"]
[ECO "A36"]
[WhiteElo "1905"]
[BlackElo "1917"]
[Annotator "NA RC"]
[PlyCount "108"]
[EventDate "2020.01.12"]
[EventType "tourn"]
[EventCountry "ARM"]
[SourceTitle "playchess.com"]
[Source "ChessBase"]
[SourceQuality "1"]
[TimeControl "40/5400+30:1800+30"]

1. c4 Nf6 2. Nc3 c5 3. g3 e6 4. Bg2 Be7 5. e4 d6 6. Nge2 O-O 7. O-O a6 8. d3 Nc6 9. f4 Qc7 10. h3 Rb8 11. a4 Rd8 12. g4 Nb4 (12... h6 $11) 13. g5 Nd7 14. Ng3 Bf8 15. Nh5 $11 d5 16. exd5 exd5 17. Nxd5 Nxd5 18. Bxd5 Nb6 19. Bg2 Bf5 20. Rf3 Qd6 21. Bf1 Nxc4 22. Qc2 Na5 23. Ng3 Qd7 24. Nxf5 Qxf5 25. Rg3 Nc6 26. Bd2 Bd6 27. Bg2 Nd4 28. Qd1 Bxf4 29. Rf3 Qe5 30. Bxf4 Ne2+ 31. Qxe2 Qxe2 32. Bxb8 Rxb8 33. Raf1 Rf8 34. R1f2 Qe1+ 35. Kh2 Qe5+ 36. Rf4 f6 37. Kh1 Qxg5 38. Bxb7 a5 39. Rf5 Qc1+ 40. Kg2 Rb8 41. Bd5+ Kh8 42. b3 Re8 43. Bc4 Qe3 44. Rd5 h6 45. Rf3 Qd2+ 46. Rf2 Re2 47. Rxe2 Qxe2+ 48. Kg3 Qe3+ 49. Kg4 Kh7 50. h4 g6 51. Rd7+ Kh8 52. Rd8+ Kg7 53. Rd7+ Kf8 54. Rf7+ Ke8 0-1

[Event "75th ARM-ch Women 2020"]
[Site "Yerevan"]
[Date "2020.01.17"]
[Round "6.2"]
[White "Khachatryan, Anna"]
[Black "Khachatryan, Veronika"]
[Result "1-0"]
[ECO "B03"]
[WhiteElo "2051"]
[BlackElo "1905"]
[Annotator "NA RC"]
[PlyCount "69"]
[EventDate "2020.01.12"]
[EventType "tourn"]
[EventCountry "ARM"]
[SourceTitle "playchess.com"]
[Source "ChessBase"]
[SourceQuality "1"]
[TimeControl "40/5400+30:1800+30"]

1. e4 Nf6 2. e5 Nd5 3. c4 Nb6 4. d4 d6 5. exd6 cxd6 6. Nc3 g6 7. Be3 Bg7 8. Rc1 O-O 9. b3 Nc6 10. d5 Ne5 11. Be2 f5 12. f4 Nf7 {[%emt 0:03:04] B03: Alekhine's Defence: Four Pawns Attack} ({Black should try} 12... Ng4 13. Bxg4 (13. Bd4 e5 14. dxe6 Bxe6 15. Bxg4 Bxd4 16. Qxd4 fxg4 17. Nge2 Qh4+ 18. Ng3 Qf6 19. Qxf6 Rxf6 20. O-O d5 {1-0 (40) Azarov,S (2582)-Bernadskiy,V (2529) Lvov 2017}) 13... fxg4) 13. Nf3 e5 14. dxe6 Bxe6 15. O-O Re8 16. Bd4 Rc8 17. Bxg7 Kxg7 18. Qd4+ $146 ({Predecessor:} 18. Nd4 Kg8 19. Bf3 Qd7 20. Re1 {1-0 (30) Minko,D (2091)-Craciun,A (1889) Mamaia 2017}) 18... Qf6 19. Rfd1 Qxd4+ 20. Nxd4 a6 21. Bf3 Rc7 22. a4 Kf6 23. a5 Nc8 24. Re1 Rce7 25. Nxe6 Rxe6 26. Rxe6+ Rxe6 27. Bxb7 Ne7 28. Bxa6 Nc6 29. Nd5+ Kg7 30. b4 Nd4 31. Rd1 Nb3 32. Bb5 Re2 33. a6 Ra2 34. Nc3 Ra3 35. Na4 $18 1-0

[Event "75th ARM-ch Women 2020"]
[Site "Yerevan"]
[Date "2020.01.18"]
[Round "7.1"]
[White "Khachatryan, Veronika"]
[Black "Ambarjyan, Tereza"]
[Result "*"]
[ECO "C51"]
[WhiteElo "1905"]
[BlackElo "1514"]
[Annotator "NA"]
[PlyCount "41"]
[EventDate "2020.01.12"]
[EventType "tourn"]
[EventCountry "ARM"]
[SourceTitle "playchess.com"]
[Source "ChessBase"]
[SourceQuality "1"]
[TimeControl "40/5400+30:1800+30"]

1. e4 e5 2. Nf3 Nc6 3. Bc4 Bc5 4. b4 Bb6 5. a4 a6 6. O-O Nf6 7. Nc3 d6 8. Nd5 Nxd5 9. exd5 Nd4 10. Nxd4 Bxd4 11. c3 Ba7 12. d4 O-O 13. Re1 Re8 14. Ra2 Qh4 15. Be3 Bd7 16. Rae2 e4 17. Ra2 f5 18. Qd2 Rf8 19. Bf4 h6 20. g3 Qf6 21. h4 *

[Event "75th ARM-ch Women 2020"]
[Site "Yerevan"]
[Date "2020.01.18"]
[Round "7.2"]
[White "Kursova, Maria"]
[Black "Khachatryan, Anna"]
[Result "1-0"]
[ECO "E73"]
[WhiteElo "2241"]
[BlackElo "2051"]
[Annotator "ChessBase"]
[PlyCount "67"]
[EventDate "2020.01.12"]
[EventType "tourn"]
[EventCountry "ARM"]
[SourceTitle "playchess.com"]
[Source "ChessBase"]
[SourceQuality "1"]
[TimeControl "40/5400+30:1800+30"]

1. d4 Nf6 2. c4 g6 3. Nc3 Bg7 4. e4 d6 5. Be2 O-O 6. Be3 e5 7. d5 a5 8. g4 Na6 9. h4 Nc5 10. f3 c6 11. h5 cxd5 12. cxd5 Bd7 13. Qd2 Rb8 14. Bb5 a4 15. Nge2 Qe8 16. Bxd7 Qxd7 17. Nc1 Rfc8 18. Nd3 Nxd3+ 19. Qxd3 b5 20. Kf2 Ne8 21. b4 Bf6 22. a3 g5 23. Rac1 Bd8 24. Ne2 f6 25. Rxc8 Rxc8 26. Rc1 Rxc1 27. Nxc1 Qb7 28. Ke2 Kf7 29. Na2 Nc7 30. Nc3 Ke8 31. Bf2 Kd7 32. Qe3 Kc8 33. Qb6 Kb8 34. Qxd6 1-0

[Event "75th ARM-ch Women 2020"]
[Site "Yerevan"]
[Date "2020.01.18"]
[Round "7.2"]
[White "Gaboyan, Susanna"]
[Black "Avetisyan, Mariam"]
[Result "*"]
[WhiteElo "2205"]
[BlackElo "2163"]
[Annotator "ChessBase"]
[PlyCount "26"]
[EventDate "2020.01.12"]
[EventType "tourn"]
[EventCountry "ARM"]
[SourceTitle "playchess.com"]
[Source "ChessBase"]
[SourceQuality "1"]
[TimeControl "40/5400+30:1800+30"]

1. d4 Nf6 2. c4 g6 3. Nc3 Bg7 4. e4 d6 5. Be2 O-O 6. Be3 e5 7. d5 a5 8. g4 Na6 9. h4 Nc5 10. f3 c6 11. h5 cxd5 12. cxd5 Bd7 13. Qd2 Rb8 *

[Event "75th ARM-ch Women 2020"]
[Site "Yerevan"]
[Date "2020.01.18"]
[Round "7.3"]
[White "Gevorgyan, Maria"]
[Black "Hakobyan, Astghik"]
[Result "1-0"]
[ECO "B18"]
[WhiteElo "2187"]
[BlackElo "1917"]
[Annotator "ChessBase"]
[PlyCount "51"]
[EventDate "2020.01.12"]
[EventType "tourn"]
[EventCountry "ARM"]
[SourceTitle "playchess.com"]
[Source "ChessBase"]
[SourceQuality "1"]
[TimeControl "40/5400+30:1800+30"]

1. e4 c6 2. d4 d5 3. Nc3 dxe4 4. Nxe4 Bf5 5. Ng3 Bg6 6. h4 h6 7. Nh3 e5 8. dxe5 Qa5+ 9. c3 Qxe5+ 10. Be2 Nd7 11. O-O O-O-O 12. Qa4 Bc5 13. Bf4 Qf6 14. Rad1 Nf8 15. Rfe1 Rxd1 16. Bxd1 Ne6 17. Bg4 Qe7 18. Qa5 Bb6 19. Qe5 Kd7 20. Qxg7 f5 21. Qxh8 fxg4 22. Qxg8 gxh3 23. Rd1+ Bd4 24. Qxg6 h2+ 25. Kh1 Qf8 26. Be3 1-0

[Event "75th ARM-ch Women 2020"]
[Site "Yerevan"]
[Date "2020.01.18"]
[Round "7.4"]
[White "Kursova, Maria"]
[Black "Khachatryan, Anna"]
[Result "*"]
[WhiteElo "2241"]
[BlackElo "2051"]
[Annotator "ChessBase"]
[PlyCount "27"]
[EventDate "2020.01.12"]
[EventType "tourn"]
[EventCountry "ARM"]
[SourceTitle "playchess.com"]
[Source "ChessBase"]
[SourceQuality "1"]
[TimeControl "40/5400+30:1800+30"]

1. d4 Nf6 2. Nf3 e6 3. c4 b6 4. Nc3 Bb7 5. Bg5 Be7 6. e3 h6 7. Bh4 d6 8. Bd3 Nbd7 9. O-O c5 10. Rc1 a6 11. Bb1 O-O 12. Qd3 Qc7 13. d5 e5 14. Nd2 *

[Event "75th ARM-ch Women 2020"]
[Site "Yerevan"]
[Date "2020.01.18"]
[Round "7.4"]
[White "Gaboyan, Susanna"]
[Black "Avetisyan, Mariam"]
[Result "1-0"]
[ECO "E21"]
[WhiteElo "2205"]
[BlackElo "2163"]
[Annotator "ChessBase"]
[PlyCount "153"]
[EventDate "2020.01.12"]
[EventType "tourn"]
[EventCountry "ARM"]
[SourceTitle "playchess.com"]
[Source "ChessBase"]
[SourceQuality "1"]
[TimeControl "40/5400+30:1800+30"]

1. d4 Nf6 2. Nf3 e6 3. c4 b6 4. Nc3 Bb7 5. Bg5 Be7 6. e3 h6 7. Bh4 d6 8. Bd3 Nbd7 9. O-O c5 10. Rc1 a6 11. Bb1 O-O 12. Qd3 Qc7 13. d5 e5 14. Nd2 g6 15. f4 Qd8 16. Bg3 Nh5 17. f5 Ng7 18. Be1 h5 19. h3 f6 20. fxg6 f5 21. g4 fxg4 22. hxg4 Rxf1+ 23. Qxf1 Qf8 24. Bf5 Bc8 25. Nde4 hxg4 26. Bxg4 Qxf1+ 27. Kxf1 Nf8 28. Bxc8 Rxc8 29. Ke2 Nxg6 30. a4 Rb8 31. Ra1 Nf5 32. Ra3 Bd8 33. Rb3 Bc7 34. Ng5 Nf8 35. Nce4 Kg7 36. Ra3 a5 37. Nc3 Rb7 38. Rb3 Kg6 39. Nge4 Nd7 40. Nb5 Bb8 41. Kd3 Kh6 42. Rc3 Nf8 43. Rc2 Rf7 44. Rf2 Kg6 45. Rf1 Nd7 46. Rg1+ Kh6 47. Rh1+ Kg6 48. Bh4 Rf8 49. Rg1+ Kf7 50. Rf1 Kg6 51. Be1 Rf7 52. b3 Kh6 53. Rg1 Nf8 54. Rg4 Rg7 55. Rxg7 Kxg7 56. Ng5 Kf6 57. Nf3 Ng6 58. Ke4 Ng7 59. Bh4+ Nxh4 60. Nxh4 Kg5 61. Nf3+ Kf6 62. Nd2 Nf5 63. Kf3 Kg5 64. Ne4+ Kg6 65. Nf2 Nh4+ 66. Ke4 Kg5 67. Kd3 Kf5 68. Ne4 Kg4 69. Nexd6 Kf3 70. Ne4 Ng6 71. d6 Nf8 72. Nf6 e4+ 73. Kd2 Ne6 74. Nd7 Bxd6 75. Nxd6 Ng5 76. Nxb6 Kf2 77. Nd5 1-0

[Event "75th ARM-ch Women 2020"]
[Site "Yerevan"]
[Date "2020.01.18"]
[Round "7.5"]
[White "Arakelyan, Nare"]
[Black "Ghukasyan, Siranush"]
[Result "*"]
[WhiteElo "1913"]
[BlackElo "2246"]
[Annotator "ChessBase"]
[PlyCount "27"]
[EventDate "2020.01.12"]
[EventType "tourn"]
[EventCountry "ARM"]
[SourceTitle "playchess.com"]
[Source "ChessBase"]
[SourceQuality "1"]
[TimeControl "40/5400+30:1800+30"]

1. d4 Nf6 2. Bf4 e6 3. e3 d5 4. Nf3 c5 5. c3 Nc6 6. Nbd2 Be7 7. Bd3 O-O 8. Ne5 Qb6 9. Rb1 Ne8 10. h4 f5 11. g4 Qd8 12. g5 Nxe5 13. dxe5 Nc7 14. Rg1 *

[Event "75th ARM-ch Women 2020"]
[Site "Yerevan"]
[Date "2020.01.18"]
[Round "7.5"]
[White "Khachatryan, Veronika"]
[Black "Ambarjyan, Tereza"]
[Result "1-0"]
[ECO "A45"]
[WhiteElo "1905"]
[BlackElo "1514"]
[Annotator "NA"]
[PlyCount "57"]
[EventDate "2020.01.12"]
[EventType "tourn"]
[EventCountry "ARM"]
[SourceTitle "playchess.com"]
[Source "ChessBase"]
[SourceQuality "1"]
[TimeControl "40/5400+30:1800+30"]

1. d4 Nf6 2. Bf4 e6 3. e3 d5 4. Nf3 c5 5. c3 Nc6 6. Nbd2 Be7 7. Bd3 O-O 8. Ne5 Qb6 9. Rb1 Ne8 10. h4 f5 11. g4 Qd8 12. g5 $14 Nxe5 13. dxe5 Nc7 14. Rg1 Qe8 15. g6 hxg6 16. h5 g5 17. Bxg5 Bxg5 18. Rxg5 Kf7 19. Qf3 Bd7 20. Qg3 Rg8 21. Be2 Bb5 22. h6 g6 23. h7 Rh8 24. Bh5 gxh5 25. Rg7+ Kf8 26. Rg8+ Ke7 27. Qg7+ Qf7 28. Qxh8 Qg6 29. Rg7+ 1-0

[Event "75th ARM-ch Women 2020"]
[Site "Yerevan"]
[Date "2020.01.19"]
[Round "8.1"]
[White "Avetisyan, Mariam"]
[Black "Ghukasyan, Siranush"]
[Result "1/2-1/2"]
[ECO "D10"]
[WhiteElo "2163"]
[BlackElo "2246"]
[Annotator "NA"]
[PlyCount "38"]
[EventDate "2020.01.12"]
[EventType "tourn"]
[EventCountry "ARM"]
[SourceTitle "playchess.com"]
[Source "ChessBase"]
[SourceQuality "1"]
[TimeControl "40/5400+30:1800+30"]

1. d4 d5 2. c4 c6 3. cxd5 cxd5 4. Bf4 Nc6 5. e3 Bf5 6. Nc3 Nf6 7. Qb3 Na5 8. Qa4+ Bd7 9. Qc2 e6 10. Bd3 Rc8 11. Nf3 Be7 12. O-O b5 13. a3 O-O 14. Ne5 a6 15. Rac1 Bc6 16. Qe2 Bb7 17. Qf3 Nc4 18. Nxc4 bxc4 19. Bb1 Bc6 1/2-1/2

[Event "75th ARM-ch Women 2020"]
[Site "Yerevan"]
[Date "2020.01.19"]
[Round "8.2"]
[White "Gaboyan, Susanna"]
[Black "Khachatryan, Veronika"]
[Result "1-0"]
[ECO "A05"]
[WhiteElo "2205"]
[BlackElo "1905"]
[Annotator "ChessBase"]
[PlyCount "129"]
[EventDate "2020.01.12"]
[EventType "tourn"]
[EventCountry "ARM"]
[SourceTitle "playchess.com"]
[Source "ChessBase"]
[SourceQuality "1"]
[TimeControl "40/5400+30:1800+30"]

1. Nf3 Nf6 2. g3 g6 3. Bg2 Bg7 4. O-O O-O 5. d3 c5 6. e4 d6 7. Nbd2 Nc6 8. a4 Rb8 9. Nc4 b6 10. e5 Ng4 11. exd6 exd6 12. Re1 d5 13. Na3 Be6 14. c3 Rc8 15. Bf4 a6 16. h3 Nf6 17. d4 Ne4 18. Nc2 Qd7 19. g4 h5 20. Ne5 Nxe5 21. dxe5 hxg4 22. hxg4 f6 23. Bxe4 dxe4 24. Qxd7 Bxd7 25. Ne3 fxe5 26. Bg3 Be6 27. Red1 Rcd8 28. Bh4 Rd3 29. Be7 Re8 30. Bg5 Bb3 31. Re1 Kf7 32. c4 Re6 33. a5 Bf8 34. axb6 Rxb6 35. Ra5 Rd4 36. Rc1 Ke6 37. Ra3 Rd3 38. Rca1 Rdd6 39. Kf1 Kd7 40. Kg2 Kc8 41. Rh1 Rb8 42. Rh8 Kd7 43. Bh6 Bxh6 44. Rxb8 Bxe3 45. Raxb3 Bf4 46. R3b7+ Ke6 47. Rb6 g5 48. Rxd6+ Kxd6 49. Rb6+ Kc7 50. Rxa6 Kb7 51. Rd6 Kc7 52. Rh6 Kd7 53. Kf1 Kc7 54. Ke2 Kd7 55. Kd1 Kc7 56. Kc2 Kd7 57. Rh1 e3 58. fxe3 Bxe3 59. Kd3 Bd4 60. b3 Ke6 61. Rh6+ Kf7 62. Ke4 Kg7 63. Rc6 Kf7 64. Kf5 Ke7 65. Rg6 1-0

[Event "75th ARM-ch Women 2020"]
[Site "Yerevan"]
[Date "2020.01.19"]
[Round "8.3"]
[White "Khachatryan, Anna"]
[Black "Gevorgyan, Maria"]
[Result "0-1"]
[ECO "C45"]
[WhiteElo "2051"]
[BlackElo "2187"]
[Annotator "ChessBase"]
[PlyCount "96"]
[EventDate "2020.01.12"]
[EventType "tourn"]
[EventCountry "ARM"]
[SourceTitle "playchess.com"]
[Source "ChessBase"]
[SourceQuality "1"]
[TimeControl "40/5400+30:1800+30"]

1. e4 e5 2. Nf3 Nc6 3. d4 exd4 4. Nxd4 Nf6 5. Nxc6 bxc6 6. e5 Qe7 7. Qe2 Nd5 8. h4 a5 9. c4 Ba6 10. Nd2 Nb6 11. Qe4 Qe6 12. a3 d5 13. exd6 Qxe4+ 14. Nxe4 cxd6 15. Bf4 Nxc4 16. Bxc4 Bxc4 17. Nxd6+ Bxd6 18. Bxd6 O-O-O 19. O-O-O Bb3 20. Rd2 Rhe8 21. Bc5 a4 22. Bb6 Rd5 23. Be3 Rde5 24. Rd3 Rb5 25. Re1 Re4 26. g3 Rc4+ 27. Rc3 Rxc3+ 28. bxc3 Be6 29. Kd2 Kd7 30. Kd3 c5 31. Bc1 Kc6 32. Ke4 Rb3 33. Kd3 Rb7 34. Kd2 Kd5 35. Re3 Bf5 36. Rf3 Be4 37. c4+ Kd4 38. Rf4 Ke5 39. f3 Bf5 40. Ke2 f6 41. g4 Bc2 42. Kf2 g6 43. Be3 h6 44. Bxc5 Rd7 45. Be3 g5 46. hxg5 hxg5 47. Rf5+ Bxf5 48. gxf5 Rd3 0-1

[Event "75th ARM-ch Women 2020"]
[Site "Yerevan"]
[Date "2020.01.19"]
[Round "8.4"]
[White "Hakobyan, Astghik"]
[Black "Arakelyan, Nare"]
[Result "0-1"]
[ECO "B90"]
[WhiteElo "1917"]
[BlackElo "1913"]
[Annotator "NA"]
[PlyCount "124"]
[EventDate "2020.01.12"]
[EventType "tourn"]
[EventCountry "ARM"]
[SourceTitle "playchess.com"]
[Source "ChessBase"]
[SourceQuality "1"]
[TimeControl "40/5400+30:1800+30"]

1. e4 c5 2. Nf3 d6 3. Nc3 a6 4. d4 cxd4 5. Nxd4 Nf6 6. Be3 Ng4 7. Bc1 Nf6 8. f3 Qb6 9. Be3 Qxb2 10. Na4 Qb4+ 11. c3 Qa5 12. Rb1 Nbd7 13. Qc2 g6 14. Bd3 Bg7 15. O-O O-O 16. c4 Rb8 17. Rfd1 Qc7 18. Qf2 Ne5 19. Nb6 Nxd3 20. Rxd3 Re8 21. Rdb3 e6 22. Ne2 Nd7 23. Nxc8 Rexc8 24. Ba7 Ra8 25. Rxb7 Qd8 26. Rd1 Rc7 27. Bb6 Nxb6 28. Rxb6 Rxc4 29. Rbxd6 Qa5 30. Nc1 Qc7 31. Nb3 Be5 32. Rd7 Bxh2+ 33. Kh1 Qe5 34. Qh4 Bf4 35. Nd2 Rc2 36. Nf1 Rxa2 37. Rxf7 Bh6 38. Rfd7 Qg5 39. Qh3 Re8 40. Nh2 Bg7 41. R7d6 Kf7 42. Rf1 Qf4 43. Rd7+ Kg8 44. Ng4 Ra5 45. e5 h5 46. Nf2 Qxe5 47. Ne4 Ra1 48. Rdd1 Rxd1 49. Rxd1 a5 50. Qh4 a4 51. Rd8 Kf8 52. Rd3 Qa1+ 53. Kh2 a3 54. Nd6 Be5+ 55. g3 Qb2+ 56. Kh3 Qb1 57. Rd2 Bxd6 58. Qf6+ Kg8 59. Kg2 Bf8 60. g4 hxg4 61. fxg4 Qe4+ 62. Kh3 Qe3+ 0-1

[Event "75th ARM-ch Women 2020"]
[Site "Yerevan"]
[Date "2020.01.19"]
[Round "8.5"]
[White "Ambarjyan, Tereza"]
[Black "Kursova, Maria"]
[Result "0-1"]
[ECO "E12"]
[WhiteElo "1514"]
[BlackElo "2241"]
[Annotator "ChessBase"]
[PlyCount "88"]
[EventDate "2020.01.12"]
[EventType "tourn"]
[EventCountry "ARM"]
[SourceTitle "playchess.com"]
[Source "ChessBase"]
[SourceQuality "1"]
[TimeControl "40/5400+30:1800+30"]

1. d4 Nf6 2. c4 e6 3. Nf3 b6 4. Bf4 Bb7 5. e3 Bb4+ 6. Nc3 Ne4 7. Rc1 O-O 8. Bd3 Bxc3+ 9. bxc3 d6 10. O-O Nd7 11. h3 Qe7 12. Bh2 f5 13. Nd2 Nxd2 14. Qxd2 Rf6 15. f3 e5 16. Rce1 Raf8 17. Qc2 Kh8 18. Kh1 a5 19. Qf2 Qf7 20. Qc2 Ba6 21. Qa4 Qe7 22. Kg1 Re8 23. Bg3 Qf7 24. f4 Rg6 25. Bh2 Bb7 26. d5 e4 27. Be2 Rh6 28. Kh1 Nc5 29. Qd1 Ba6 30. Rg1 Qf6 31. Qc2 Rf8 32. Rc1 Qh4 33. Qd2 Re8 34. Rcf1 Rf6 35. Qd1 Rh6 36. Qd2 Re7 37. Qd1 Qf6 38. Qd2 Qf7 39. Rd1 Qe8 40. Qd4 Nd3 41. Bxd3 exd3 42. Qxd3 Rxe3 43. Qxf5 Bxc4 44. Qg5 Rh5 0-1

[Event "75th ARM-ch Women 2020"]
[Site "Yerevan"]
[Date "2020.01.20"]
[Round "9.2"]
[White "Kursova, Maria"]
[Black "Gaboyan, Susanna"]
[Result "1/2-1/2"]
[ECO "D45"]
[WhiteElo "2241"]
[BlackElo "2205"]
[Annotator "RC"]
[PlyCount "72"]
[EventDate "2020.01.12"]
[EventType "tourn"]
[EventCountry "ARM"]
[SourceTitle "playchess.com"]
[Source "ChessBase"]
[SourceQuality "1"]
[TimeControl "40/5400+30:1800+30"]

1. Nf3 Nf6 2. c4 e6 3. d4 d5 4. Nc3 c6 5. e3 Be7 6. Bd3 dxc4 7. Bxc4 b5 8. Bd3 a6 9. O-O c5 10. dxc5 Bxc5 11. a3 O-O 12. Qe2 Bb7 13. Rd1 Nbd7 14. h3 Rc8 15. e4 e5 16. Bg5 Qe7 17. Nh4 g6 18. a4 b4 19. Nd5 Bxd5 20. exd5 a5 21. Bb5 Qd6 22. Rd2 Kg7 23. Nf3 e4 24. Bxd7 exf3 25. Bxf6+ Qxf6 26. Qxf3 Qxf3 27. gxf3 Rc7 28. Bc6 Rd8 29. Re2 Re7 30. Rae1 Rxe2 31. Rxe2 Bd6 32. Kf1 Rc8 33. b3 Kf6 34. Re4 h5 35. Ke2 Rc7 36. Kd3 Re7 1/2-1/2

[Event "75th ARM-ch Women 2020"]
[Site "Yerevan"]
[Date "2020.01.20"]
[Round "9.4"]
[White "Arakelyan, Nare"]
[Black "Khachatryan, Anna"]
[Result "0-1"]
[ECO "B32"]
[WhiteElo "1913"]
[BlackElo "2051"]
[Annotator "NA"]
[PlyCount "76"]
[EventDate "2020.01.12"]
[EventType "tourn"]
[EventCountry "ARM"]
[SourceTitle "playchess.com"]
[Source "ChessBase"]
[SourceQuality "1"]
[TimeControl "40/5400+30:1800+30"]

1. e4 c5 2. Nf3 Nc6 3. d4 cxd4 4. Nxd4 e5 5. Nb5 d6 6. N1c3 a6 7. Na3 b5 8. Nd5 Nge7 9. c4 Nd4 10. Be3 Nxd5 11. exd5 Nf5 12. cxb5 {[%emt 0:02:25] B33: Sicilian: Pelikan and Sveshnikov Variations} Nxe3 13. fxe3 Qh4+ 14. g3 Qe4 15. Qc2 Qxe3+ 16. Be2 Bd7 17. Qd2 (17. bxa6 Be7 18. Qd2 Qe4 19. O-O O-O {1-0 (39) Gabrielian,A (2532)-Adhiban,B (2682) Moscow 2017}) 17... Qxd2+ 18. Kxd2 axb5 $1 19. Bxb5 $146 {[%emt 0:05:04] [#]} ({Predecessor:} 19. Nxb5 Ke7 {½-½ (46) Karaklajic,N-Denker,A Wijk aan Zee 1972}) 19... Be7 (19... Ra5 $1 $17 20. Bc6 g6) 20. Rhf1 {[%emt 0:03:51] [#]} Ra5 $1 21. Bc4 (21. Bxd7+ $15 Kxd7 22. Ke2) 21... Bg5+ 22. Kc3 Ke7 23. Nc2 Rc8 24. b4 Rxd5 25. a4 $2 (25. Kb3 Ba4+ {[%mdl 64] Deflection} 26. Kxa4 Rxc4 27. Kb3) 25... f5 $2 (25... Be6 26. Na3 Rd4) 26. Rf2 Be6 27. Kb3 {[%emt 0:05:46] [#]} Rxc4 $1 28. Kxc4 Rd2+ 29. Kb5 Rxf2 30. Ne1 Rb2 31. a5 Bd2 32. a6 Rxb4+ 33. Kc6 Bd7+ 34. Kc7 Be3 35. Ra2 Bb6+ 36. Kb7 Bd8+ (36... Bd4+ $142 37. Kc7 Ba7 38. h4 Bb8#) 37. Ka7 Bc7 38. Nc2 Bb8+ 0-1

[Event "75th ARM-ch Women 2020"]
[Site "Yerevan"]
[Date "2020.01.20"]
[Round "9.5"]
[White "Ghukasyan, Siranush"]
[Black "Hakobyan, Astghik"]
[Result "1-0"]
[ECO "C15"]
[WhiteElo "2246"]
[BlackElo "1917"]
[Annotator "ChessBase"]
[PlyCount "109"]
[EventDate "2020.01.12"]
[EventType "tourn"]
[EventCountry "ARM"]
[SourceTitle "playchess.com"]
[Source "ChessBase"]
[SourceQuality "1"]
[TimeControl "40/5400+30:1800+30"]

1. e4 e6 2. d4 d5 3. Nc3 Bb4 4. a3 Bxc3+ 5. bxc3 dxe4 6. Qg4 Nf6 7. Qxg7 Rg8 8. Qh6 c5 9. Ne2 Nc6 10. dxc5 Rg6 11. Qd2 Qa5 12. Nd4 e3 13. Qxe3 Nd5 14. Qd3 Qxc5 15. Nxc6 Qxc6 16. c4 Nf6 17. Bb2 Bd7 18. O-O-O Ng4 19. Qd2 O-O-O 20. f3 Nh6 21. Bd3 f5 22. Rhe1 Nf7 23. Qf2 Kb8 24. Bf1 Ka8 25. g3 Qc7 26. f4 Bc6 27. Rxd8+ Qxd8 28. Bg2 Bxg2 29. Qxg2 Qc8 30. Rd1 Rg8 31. Qe2 Rd8 32. Re1 Re8 33. Rd1 Rd8 34. Rxd8 Nxd8 35. Qd3 Nf7 36. Qd4 b6 37. Qg7 Nd6 38. Qxh7 Qxc4 39. Qh8+ Kb7 40. Qg7+ Ka6 41. Qd4 Qc6 42. h4 Ne4 43. h5 Qe8 44. Qd3+ Kb7 45. g4 Qc6 46. h6 Nc5 47. Qd1 Qc7 48. Qh1+ Ka6 49. h7 Nb3+ 50. Kb1 Nd2+ 51. Ka1 Qxc2 52. h8=Q Nb3+ 53. Ka2 Qc4 54. Qc3 Nc1+ 55. Kb1 1-0